 Dungeon Crawl Stone Soup version 0.24.1-14-gf8d2b509d9 (webtiles) character file.

Game seed: 12010183596417528227, levelgen mode: deterministic

137 GimliDwarf the Stinger (level 5, -4/28 HPs)
             Began as a Deep Elf Venom Mage on June 1, 2023.
             Slain by a bullfrog zombie (6 damage)
             ... on level 3 of the Dungeon.
             The game lasted 00:06:33 (2350 turns).

GimliDwarf the Stinger (Deep Elf Venom Mage)        Turns: 2350, Time: 00:06:33

Health: -4/28      AC:  2    Str:  5    XL:     5   Next: 0%
Magic:  14/14      EV: 13    Int: 21    God:
Gold:   24         SH:  0    Dex: 15    Spells: 10/13 levels left

rFire    . . .     SeeInvis .   b - +0 short sword
rCold    . . .     Gourm    .   (no shield)
rNeg     . . .     Faith    .   a - +0 robe
rPois    .         Spirit   .   (no helmet)
rElec    .         Reflect  .   (no cloak)
rCorr    .         Harm     .   (no gloves)
MR       .....                  (no boots)
Stlth    ++........             (no amulet)
HPRegen  0.09/turn              (no ring)
MPRegen  0.14/turn              (no ring)

@: no status effects
A: no striking features
a: no special abilities


You were on level 3 of the Dungeon.
You were not hungry.

You visited 1 branch of the dungeon, and saw 3 of its levels.

You collected 24 gold pieces.

Inventory:

Hand Weapons
 b - a +0 short sword (weapon)
 j - a +1 dagger of flaming
Armour
 a - a +0 robe (worn)
Jewellery
 h - an uncursed amulet of the acrobat {unknown}
Wands
 o - a wand of paralysis (5)
Scrolls
 d - 3 scrolls of identify {unknown}
 e - a scroll of remove curse {unknown}
 f - a scroll of enchant weapon {unknown}
 g - a scroll of teleportation {unknown}
 m - a scroll of magic mapping {unknown}
Potions
 i - a potion of curing {unknown}
 k - a potion of might {unknown}
 l - a potion of mutation {unknown}
Comestibles
 c - 2 rations
 n - a chunk of flesh


   Skills:
 + Level 0.1 Short Blades
 - Level 2.4 Dodging
 - Level 2.4 Stealth
 + Level 4.8 Spellcasting
 + Level 1.4 Conjurations
 + Level 1.1 Air Magic
 + Level 5.0 Poison Magic


You had 10 spell levels left.
You knew the following spells:

 Your Spells              Type           Power        Failure   Level  Hunger
a - Sting                 Conj/Pois      ###.         3%          1    None
b - Poisonous Vapours     Pois/Air       ###...       4%          2    None

Your spell library contained the following spells:

 Spells                   Type           Power        Failure   Level  Hunger
 Mephitic Cloud           Conj/Pois/Air  ###.....     12%         3    ##.....
 Olgreb's Toxic Radiance  Pois           ####....     14%         4    ####...
 Venom Bolt               Conj/Pois      ###.......   63%         5    #####..


Dungeon Overview and Level Annotations

Branches:
Dungeon (3/15)

Altars:


Message History

The bullfrog zombie is moderately damaged.
The bullfrog zombie hits you.
You hit the bullfrog zombie.
The bullfrog zombie is moderately damaged.
The bullfrog zombie closely misses you. The bullfrog zombie hits you.
* * * LOW HITPOINT WARNING * * *
You hit the bullfrog zombie.
The bullfrog zombie is moderately damaged.
The bullfrog zombie hits you.
* * * LOW HITPOINT WARNING * * *
You hit the bullfrog zombie.
The bullfrog zombie is heavily damaged.
The bullfrog zombie hits you.
* * * LOW HITPOINT WARNING * * *
The bullfrog zombie hits you.
* * * LOW HITPOINT WARNING * * *
You barely miss the bullfrog zombie.
The bullfrog zombie is heavily damaged.
The bullfrog zombie hits you.
You die...

#.<# ##.# #.## #
#####..#########.#..
....................$
#######..##.......#
##.##.#.#####
#..#.#Z# ###.#.#@#
........###
###.##.)..# .##....#
#....# #.)..# #....#
#....# .....#


You could see a bullfrog zombie.

Vanquished Creatures
  Ijyb (D:3)
  6 adders (D:2)
  An ooze (D:2)
  3 dart slugs
  3 leopard geckos (D:2)
  4 giant cockroaches
  4 goblins
  5 hobgoblins
  3 jackals (D:2)
  A ball python (D:2)
  3 bats
  3 frilled lizards
  5 kobolds
  8 rats
50 creatures vanquished.

Notes
Turn   | Place    | Note
-------+----------+-------------------------------------------
     0 | D:1      | GimliDwarf the Deep Elf Venom Mage began the quest for the
                  | Orb.
     0 | D:1      | Reached XP level 1. HP: 10/10 MP: 6/6
   193 | D:1      | Reached XP level 2. HP: 15/15 MP: 6/8
   197 | D:1      | Learned a level 2 spell: Poisonous Vapours
  1042 | D:2      | Reached skill level 4 in Poison Magic
  1073 | D:2      | Reached XP level 3. HP: 16/19 MP: 1/10
  1493 | D:2      | Reached skill level 1 in Air Magic
  1493 | D:2      | Reached XP level 4. HP: 19/24 MP: 4/12
  2239 | D:3      | Noticed Ijyb
  2244 | D:3      | Paralysed by Ijyb for 3 turns
  2249 | D:3      | Killed Ijyb
  2249 | D:3      | Reached skill level 5 in Poison Magic
  2259 | D:3      | Reached XP level 5. HP: 24/28 MP: 3/14
  2350 | D:3      | Slain by a bullfrog zombie

Levels and vault maps discovered:
D:1:      roderic_crop_circles_arrival_small, layout_loops_ring
D:2:      layout_basic, serial_bayou, serial_bayou_shore_a,
          serial_bayou_crossing, serial_bayou_pond_d, serial_bayou_ford_a
D:3:      layout_basic, first_ration, uniq_ijyb

Skill      XL: |  1  2  3  4 |
---------------+-------------+-----
Poison Magic   | 4 5 |  5.0
Spellcasting   | 4 |  4.8
Air Magic      | 1 |  1.1
Short Blades   | |  0.1
Dodging        | |  2.4
Stealth        | |  2.4
Conjurations   | |  1.4

Action                   |  1- 3 |  4- 6 || total
-------------------------+-------+-------++-------
Melee: Short sword       |    19 |    18 ||    37
 Cast: Sting             |    42 |    15 ||    57
       Poisonous Vapours |    15 |    19 ||    34
  Eat: Chunk             |     2 |     3 ||     5
Armor: Robe              |     1 |     2 ||     3
Dodge: Dodged            |    22 |    18 ||    40
